 Dungeon Crawl Stone Soup version 0.31-a0-145-g046c7d2549 (webtiles) character file.

Game seed: 7732915699744823513

1788319 kush the Executioner (level 26, 239/239 HPs)
             Began as an Armataur Monk on June 7, 2023.
             Was the Champion of Hepliaklqana.
             Escaped with the Orb
             ... and 3 runes!
             The game lasted 02:15:07 (60186 turns).

kush the Executioner (Armataur Monk)               Turns: 60186, Time: 02:15:08

Health: 239/239    AC: 54    Str: 26      XL:     26   Next: 28%
Magic:  28/28      EV:  7    Int:  7 (10) God:    Hepliaklqana [******]
Gold:   4892       SH:  0    Dex: 18 (20) Spells: 25/25 levels left

rFire   + + +        b - +5 Lochaber axe {reach-cleave, Poleaxe Drain}
rCold   + + .        (shield currently unavailable)
rNeg    + + .        q - +10 gold dragon scales
rPois   +            Y - +2 helmet {SInv}
rElec   +            U - +2 cloak "Jyniuj" {Dex+7}
rCorr   +            S - +2 pair of gloves
SInv    +            W - +0 barding "Dodumny" {rF+ rC+ Int-5}
Will    +....        A - amulet "Naxtemesaw" {Spirit rN++ Regen+ SInv} Stlth
                     P - ring of protection from fire
HPRegen 1.39/turn    g - ring of Nibbil {rElec rCorr}
MPRegen 0.21/turn

%: random rage (3%), guardian spirit, roll
@: hasted, studying 2 skills, very quick
A: reduced essence, large, rugged brown scales 3, deformed body, armoured tail,
roll, long tongue, awkward tongue, iridescent scales 1, berserk 1, clever 1,
subdued magic 2, inability to drink after injury 1
0: Orb of Zot
}: 3/15 runes: decaying, serpentine, silver
a: Renounce Religion, Recall Ancestor, Ancestor Identity, Transference, Idealise


You escaped.
You worshipped Hepliaklqana.
Hepliaklqana was exalted by your worship.
You visited 10 branches of the dungeon, and saw 48 of its levels.
You also visited: Trove, Sewer and Bailey.

You collected 6739 gold pieces.
You spent 1847 gold pieces at shops.

Inventory:

Hand Weapons
 b - the +5 Lochaber axe (weapon) {reach-cleave, Poleaxe Drain}
   (You found it on level 1 of the Vaults)

   Poleaxe:   It uses either Axes or Polearms skill, whichever is higher.
   Drain:     It drains your maximum health when unequipped.
Missiles
 e - 4 silver javelins
 v - 22 boomerangs (quivered)
 z - 3 throwing nets
 G - 11 curare-tipped darts
 I - 30 javelins
Armour
 f - the +11 plate armour of the Aged Servitors {Will+ Str+3 Int+2}
   (You took it off a deep elf blademaster on level 3 of the Elven Halls)

   Str:       It affects your strength (+3).
   Int:       It affects your intelligence (+2).
   Will:      It increases your willpower.
 q - +10 gold dragon scales (worn)
 S - a +2 pair of gloves (worn)
 U - the +2 cloak "Jyniuj" (worn) {Dex+7}
   (You found it in a treasure trove)

   Dex:       It affects your dexterity (+7).
 V - the +7 crystal plate armour of Ru's Displeasure {rPois rC+ Int+4}
   (You found it in a treasure trove)

   Int:       It affects your intelligence (+4).
   rC:        It protects you from cold.
   rPois:     It protects you from poison.
 W - the +0 barding "Dodumny" (worn) {rF+ rC+ Int-5}
   (You found it in a treasure trove)

   Int:       It affects your intelligence (-5).
   rF:        It protects you from fire.
   rC:        It protects you from cold.
 Y - a +2 helmet of see invisible (worn)
Jewellery
 a - a +4 ring of protection
 g - the ring of Nibbil (right hand) {rElec rCorr}
   (You bought it in a shop on level 2 of the Orcish Mines)

   [ring of resist corrosion]

   rElec:     It insulates you from electricity.
   rCorr:     It protects you from acid and corrosion.
 l - the amulet "Vaclud" {Acrobat Rampage Int+3 Dex+3}
   (You took it off a vault sentinel on level 5 of the Vaults)

   [amulet of the acrobat]

   It increases your evasion while moving and waiting.
   Int:       It affects your intelligence (+3).
   Dex:       It affects your dexterity (+3).
   Rampage:   It bestows one free step when moving towards enemies.
 s - the amulet of the Four Winds {rN+ Will+++ Clar}
   (You found it on level 3 of the Realm of Zot)

   [amulet of nothing]

   rN:        It protects you from negative energy.
   Clar:      It protects you from confusion, rage, mesmerisation and fear.
   Will:      It greatly increases your willpower.
 u - the macabre finger necklace {Finger+ rN+}
   (You took it off a deep elf annihilator on level 3 of the Elven Halls)

   [amulet of nothing]

   Finger+:   It enables you to equip an extra ring.
   rN:        It protects you from negative energy.
 A - the amulet "Naxtemesaw" (around neck) {Spirit rN++ Regen+ SInv}
   (You found it on level 5 of the Lair of Beasts)

   [amulet of guardian spirit]

   It causes incoming damage to be divided between your reserves of health and
   magic.
   rN:        It greatly protects you from negative energy.
   SInv:      It lets you see invisible.
   Regen:     It increases your rate of health regeneration.
 P - a ring of protection from fire (left hand)
 T - a ring of willpower
 Z - a ring of the Octopus King {rN+ HP+2 AC+2 EV+2 SH+2}
   (You took it off a frost giant on level 5 of the Vaults)

   [ring of positive energy]

   AC:        It affects your AC (+2).
   EV:        It affects your evasion (+2).
   rN:        It protects you from negative energy.
   HP:        It affects your health (+2).
   SH:        It affects your SH (+2).
Wands
 d - a wand of light (33)
 h - a wand of digging (16)
 m - a wand of iceblast (38)
 E - a wand of mindburst (66)
 M - a wand of flame (93)
 N - a wand of charming (55)
Scrolls
 k - 20 scrolls of teleportation
 o - 7 scrolls of fear
 p - 4 scrolls of magic mapping
 r - 3 scrolls of blinking
 C - a scroll of brand weapon
 D - 7 scrolls of fog
 F - 4 scrolls of butterflies
 L - 2 scrolls of silence
Potions
 c - 13 potions of curing
 n - 4 potions of magic
 t - 2 potions of mutation
 x - 3 potions of invisibility
 H - 6 potions of ambrosia
 J - 5 potions of cancellation
 K - 7 potions of heal wounds
 O - 7 potions of might
 R - 4 potions of resistance
 X - 6 potions of enlightenment
Miscellaneous
 j - a lightning rod (4/4)
 w - a phial of floods
 y - a condenser vane
 B - a sack of spiders
 Q - a phantom mirror


   Skills:
 + Level 22.3 Fighting
 - Level 25.5(26.0) Axes
 - Level 9.9(20.4) Maces & Flails
 - Level 10.4 Throwing
 - Level 24.3 Armour
 - Level 9.0 Dodging
 - Level 6.0 Shields
 - Level 7.7 Invocations
 - Level 9.3 Evocations


You had 25 spell levels left.
You didn't know any spells.
Your spell library contained the following spells:

 Spells                   Type           Power      Damage    Failure   Level
 Apportation              Tloc           0%         N/A       98%         1
 Freeze                   Ice            0%         1d3       98%         1
 Magic Dart               Conj           0%         1d3       98%         1
 Necrotise                Necr           0%         1d4       98%         1
 Slow                     Hex            0%         N/A       98%         1
 Summon Small Mammal      Summ           0%         N/A       98%         1
 Call Imp                 Summ           0%         N/A       99%         2
 Ensorcelled Hibernation  Hex/Ice        0%         N/A       99%         2
 Lesser Beckoning         Tloc           0%         N/A       99%         2
 Poisonous Vapours        Pois/Air       0%         N/A       99%         2
 Scorch                   Fire           0%         2d5       99%         2
 Searing Ray              Conj           0%         2d4       99%         2
 Sublimation of Blood     Necr           0%         N/A       99%         2
 Wereblood                Tmut           0%         N/A       99%         2
 Call Canine Familiar     Summ           0%         N/A       100%        3
 Confusing Touch          Hex            0%         N/A       100%        3
 Dazzling Flash           Conj/Hex       0%         N/A       100%        3
 Frozen Ramparts          Ice            0%         1d1       100%        3
 Gell's Gravitas          Tloc           0%         N/A       100%        3
 Hailstorm                Conj/Ice       0%         3d3       100%        3
 Ignite Poison            Fire/Tmut/Pois 0%         N/A       100%        3
 Inner Flame              Hex/Fire       0%         N/A       100%        3
 Mephitic Cloud           Conj/Pois/Air  0%         N/A       100%        3
 Ozocubu's Armour         Ice            0%         N/A       100%        3
 Portal Projectile        Hex/Tloc       0%         N/A       100%        3
 Spider Form              Tmut/Pois      0%         N/A       100%        3
 Teleport Other           Tloc           0%         N/A       100%        3
 Tukima's Dance           Hex            0%         N/A       100%        3
 Vampiric Draining        Necr           0%         2d6       100%        3
 Vhi's Electric Charge    Tloc/Air       0%         N/A       100%        3
 Volatile Blastmotes      Fire/Tloc      0%         2d10      100%        3
 Anguish                  Hex/Necr       0%         N/A       100%        4
 Animate Dead             Necr           0%         N/A       100%        4
 Cause Fear               Hex            0%         N/A       100%        4
 Flame Wave               Conj/Fire      0%         2d4       100%        4
 Fulminant Prism          Conj/Hex       0%         3d5       100%        4
 Iskenderun's Mystic Bla  Conj/Tloc      0%         2d3       100%        4
 Leda's Liquefaction      Hex/Erth       0%         N/A       100%        4
 Passage of Golubria      Tloc           0%         N/A       100%        4
 Petrify                  Tmut/Erth      0%         N/A       100%        4
 Sticky Flame             Conj/Fire      0%         2d3       100%        4
 Summon Ice Beast         Ice/Summ       0%         N/A       100%        4
 Agony                    Necr           0%         N/A       100%        5
 Arcjolt                  Conj/Air       0%         1d10      100%        5
 Freezing Cloud           Conj/Ice/Air   0%         6-21      100%        5
 Irradiate                Conj/Tmut      0%         3d11      100%        5
 Silence                  Hex/Air        0%         N/A       100%        5
 Summon Forest            Summ/Tloc      0%         N/A       100%        5
 Summon Mana Viper        Hex/Summ       0%         N/A       100%        5
 Yara's Violent Unravell  Hex/Tmut       0%         3d3       100%        5
 Plasma Beam              Fire/Air       0%         2x1d10    100%        6
 Starburst                Conj/Fire      0%         6d3       100%        6
 Summon Cactus Giant      Summ           0%         N/A       100%        6
 Dragon Form              Tmut           0%         N/A       100%        7
 Enfeeble                 Hex            0%         N/A       100%        7
 Haunt                    Necr/Summ      0%         N/A       100%        7
 Monstrous Menagerie      Summ           0%         N/A       100%        7
 Ozocubu's Refrigeration  Ice            0%         4d7       100%        7
 Summon Hydra             Summ           0%         N/A       100%        7
 Ignition                 Fire           0%         3d3       100%        8
 Infestation              Necr           0%         N/A       100%        8
 Lehudib's Crystal Spear  Conj/Erth      0%         10d2      100%        8
 Chain Lightning          Conj/Air       0%         N/A       100%        9
 Dragon's Call            Summ           0%         N/A       100%        9
 Fire Storm               Conj/Fire      0%         5d1       100%        9
 Shatter                  Erth           0%         3d5*      100%        9


Dungeon Overview and Level Annotations

Branches:
Dungeon (15/15)            Temple (1/1) D:5            Lair (5/5) D:11
  Swamp (4/4) Lair:3        Snake (4/4) Lair:3        Slime (0/5) Lair:5
    Orc (2/2) D:11            Elf (3/3) Orc:2        Vaults (5/5) D:14
  Crypt (0/3) Vaults:2     Depths (4/4) D:15            Zot (5/5) Depths:4
  Sewer (visited)          Bailey (visited)

Altars:
Ashenzari
Cheibriados
Dithmenos
Elyvilon
Fedhas
Gozag
Hepliaklqana
Kikubaaqudgha
Makhleb
Nemelex Xobeh
Okawaru
Qazlal
Ru
Sif Muna
Trog
Uskayaw
Vehumet
Wu Jian
Xom
Yredelemnul
Zin
The Shining One
Jiyva

Shops:
Orc:2 =(*   Elf:3 *   Vaults:2 *

Portals:
Hell: D:15 Depths:1 Depths:2 Depths:3 Depths:4
Abyss: Depths:2 Depths:3 Depths:4
Pandemonium: Depths:2 Depths:4
Ziggurat: Depths:3

Annotations:
Zot:5 2 exclusions


Innate Abilities, Weirdness & Mutations

Your life essence is reduced to manifest your ancestor. (-10% HP)
You are completely covered in rugged brown scales. (AC +3, +7% HP)
Armour fits poorly on your strangely shaped body.
You have a long armoured tail.
You roll when moving toward enemies. (Rampage)
Your long tongue fully drains potion bottles. (2x potion effects)
Your tongue gives you trouble enunciating. (1.5x scroll delay)
You are partially covered in iridescent scales. (AC +2)
You sometimes lose your temper in combat.
Your mind is acute. (Int +4, Str/Dex -1)
Your spells are easier to cast, but less powerful.
You occasionally lose the ability to drink potions when taking damage.


Message History

4 stones; a +0 short sword
There is a stone staircase leading up here.
You climb upwards.
There is a stone staircase leading down here.
HP restored.
There is a stone staircase leading down here.
There is a stone staircase leading up here.
You climb upwards.
There is a stone staircase leading down here.
There is a stone staircase leading up here.
You climb upwards.
There is a stone staircase leading down here.
There is a stone staircase leading up here.
You climb upwards.
There is a stone staircase leading down here.
Aiming: Dig
Press: ? - help, Shift-Dir - straight line A rock wall.
This square is covered in magical glow.
The rock shatters into small pieces.
Unknown command.
You swap places.
Things that are here:
a +0 scale mail; a +0 club
Things that are here:
a +0 robe; a +0 dagger You see here a +0 falchion.
There is a stone staircase leading up, spattered with blood here.
You climb upwards.
There is a stone staircase leading down here.
Things that are here:
a +0 scale mail; a +0 dagger
There is a stone staircase leading up here.
You climb upwards.
There is a stone staircase leading down here.
You feel yourself speed up.
You slurp down every last drop of the potion of haste!
You see here 5 stones.
There is a staircase leading out of the dungeon here.
You have escaped!

#######......#########.#.#.######
......#................#.#.# #..
......#......###########.#.####.#
......######## #.#.##...# ~.....#
#.#....... ~.....# #.#.....##
......# #......... ~)....# ###
############ ~.....# #@#
#........... ~.##### #.#
#.########## ~...# #.#
#.###....... ~#..# #.#
#..........# ....##
#########.#######.#.####.#
###..###.................#.# #..
##.#...#######.#########.# #..
#.#.### #.#.#######.####.. #...#
#.#..............#


There were no monsters in sight!

Vanquished Creatures
  A dread lich (Vaults:5)
  2 ancient liches
  3 orbs of fire
  Sojobo (Depths:2)
  Vv (Depths:2)
  Frederick (Vaults:3)
  9 Killer Klowns
  7 curse toes
  Xtahua (Vaults:5)
  9 golden dragons
  A caustic shrike (Depths:2)
  An electric golem (Zot:2)
  6 tentacled monstrosities
  A walking crystal tome (Depths:2)
  19 Orb Guardians
  2 deep elf master archers (Elf:3)
  5 titans (Vaults:5)
  8 quicksilver dragons
  6 liches
  A walking divine tome (Depths:2)
  4 acid blobs (Depths:1)
  2 deep elf blademasters (Elf:3)
  11 death cobs
  A sphinx (Vaults:3)
  Kirke (D:13)
  Agnes (Snake:1)
  5 shadow dragons
  3 draconian monks
  6 tengu reavers
  10 storm dragons
  5 nagarajas
  8 rockslimes (Depths:1)
  9 draconian knights
  4 iron dragons
  3 azure jellies (Depths:1)
  9 fire giants
  2 ghost moths
  6 draconian scorchers
  3 deep elf sorcerers (Elf:3)
  14 frost giants
  Louise (Depths:3)
  3 draconian shifters
  23 vault wardens
  3 balrugs (Zot:3)
  A ghoul (Swamp:2)
  An orc warlord (Vaults:2)
  5 draconian stormcallers
  5 draconian annihilators
  A cacodemon (D:10)
  7 war gargoyles
  7 ironbound thunderhulks
  9 stone giants
  2 deep elf elementalists (Elf:3)
  20 very ugly things
  2 vampire knights
  18 ironbound preservers
  An eleionoma (Swamp:3)
  9 green draconians
  3 formless jellyfish
  5 deep elf demonologists
  2 dire elephants
  A purple draconian (shapeshifter) (Zot:3)
  6 black draconians
  5 deep elf annihilators
  Azrael (D:13)
  3 bunyips
  9 white draconians
  11 purple draconians
  A pale draconian (Depths:4)
  9 red draconians
  2 spark wasps
  14 yellow draconians
  Snorg (D:10)
  7 ettins
  A crystal guardian (Vaults:3)
  9 deep elf death magi
  3 shambling mangroves
  10 yaktaur captains
  Josephine (D:11)
  4 deep elf high priests
  A jiangshi (Depths:1)
  6 great orbs of eyes
  2 entropy weavers
  Fannar (D:10)
  4 fire dragons
  3 ice dragons
  3 rakshasas
  13 hydras
  2 catoblepae
  3 ghost crabs
  45 vault guards
  3 peacekeepers
  6 ironbound frosthearts
  2 spriggan air magi
  An anaconda (shapeshifter) (Vaults:5)
  Erolcha (D:12)
  An ogre mage (D:14)
  17 anacondas
  12 centaur warriors
  6 two-headed ogres
  7 boulder beetles
  9 alligators
  4 death yaks (Lair:5)
  A death yak (shapeshifter) (Zot:3)
  10 deep troll shamans
  14 naga warriors
  4 tengu warriors
  2 vampire magi
  32 dancing weapons
  8 deep troll earth magi
  4 orc high priests (Orc:2)
  4 spriggan berserkers
  15 naga sharpshooters
  10 shock serpents
  A storm dragon zombie (Vaults:5)
  Sonja (Lair:4)
  3 salamander mystics
  2 soul eaters
  A sixfirhy (D:10)
  13 deep elf knights
  A shock serpent (shapeshifter) (Depths:3)
  4 skysharks
  6 iron trolls
  6 goliath frogs
  Amaemon (D:7)
  2 flayed ghosts
  5 glowing orange brains
  3 sea snakes (Snake:3)
  2 orb spiders (Zot:3)
  2 spriggan druids
  3 bog bodies
  A deep troll (shapeshifter) (Elf:3)
  62 deep trolls
  7 swamp dragons
  5 phantasmal warriors
  19 ironbound convokers
  4 wizards
  9 naga ritualists
  3 harpies (Vaults:2)
  27 deep elf zephyrmancers
  3 necromancers
  31 deep elf pyromancers
  5 orc knights
  9 lindwurms
  9 deep elf archers
  A tengu skeleton (Vaults:4)
  17 mana vipers
  3 human zombies
  5 orc sorcerers
  31 ugly things
  A will-o-the-wisp (Swamp:2)
  6 cyclopes
  A manticore (shapeshifter) (Vaults:4)
  14 salamanders
  A manticore (D:11)
  17 elephants
  28 moths of wrath
  37 black mambas
  6 guardian serpents
  23 vault sentinels
  16 naga magi
  A smoke demon (Depths:2)
  4 unseen horrors
  2 gargoyles (D:14)
  A yaktaur zombie (Vaults:5)
  11 cane toads
  13 yaktaurs
  5 rime drakes
  A kobold demonologist (D:9)
  An orange demon (D:8)
  3 komodo dragons
  An ice devil (Depths:2)
  2 tengu conjurers
  An efreet (D:14)
  3 freezing wraiths
  A guardian mummy (D:10)
  2 harpy zombies (Zot:3)
  3 meliai (Lair:4)
  A tormentor (Depths:2)
  3 trolls
  8 hornets
  A tengu simulacrum (Vaults:2)
  2 polar bears
  A queen bee (shapeshifter) (Vaults:3)
  7 tyrant leeches
  A queen bee (Lair:4)
  A sphinx simulacrum (Vaults:2)
  11 blink frogs
  A tarantella (Vaults:5)
  3 raiju (Zot:3)
  4 dream sheep (Lair:5)
  A hexer (Elf:3)
  20 slime creatures
  2 air elementals
  A slime creature (shapeshifter) (Depths:3)
  2 shadows
  7 vampires
  3 spriggans
  6 water elementals
  5 wyverns
  4 wraiths
  A basilisk (shapeshifter) (Depths:2)
  A human (shapeshifter) (Vaults:3)
  A hog (D:13)
  47 yaks
  A neqoxec (Zot:3)
  2 basilisks
  2 redbacks
  An elf skeleton (Vaults:4)
  7 fire elementals
  3 steam dragons
  16 swamp worms
  A warg (Orc:2)
  3 acid dragons (Depths:4)
  35 nagas
  8 water moccasins
  2 hell hounds (D:13)
  2 floating eyes (Depths:3)
  A deep troll simulacrum (Vaults:2)
  25 orc warriors
  An elf simulacrum (Vaults:2)
  2 ice beasts (D:7)
  5 sky beasts
  4 black bears
  6 swamp drakes
  11 boggarts
  18 wolves
  A human skeleton (Vaults:4)
  5 ogres
  8 centaurs
  2 kobold brigands
  A phantom (D:4)
  10 bullfrogs
  2 necrophages (Swamp:2)
  5 gnoll sergeants
  3 earth elementals
  5 scorpions
  39 killer bees
  2 electric eels (Snake:3)
  4 howler monkeys
  3 jellies
  A lava snake (D:9)
  10 hounds
  27 orc priests
  5 gnoll boudas
  2 sleepcaps (D:6)
  Crazy Yiuf (D:6)
  Jessica (D:2)
  3 iguanas
  17 orc wizards
  Robin (D:4)
  27 gnolls
  8 adders
  4 river rats
  A shadow imp (D:7)
  2 white imps
  An ufetubus (D:3)
  A worm (D:5)
  2 dart slugs (D:1)
  84 orcs
  7 ball pythons
  4 bats
  9 endoplasms
  9 giant cockroaches
  13 goblins
  12 hobgoblins
  2 jackals (D:5)
  4 quokkas
  4 frilled lizards
  14 kobolds
  4 rats
  A spectral hobgoblin (D:1)
  A butterfly (Zot:3)
1859 creatures vanquished.

Vanquished Creatures (collateral kills)
  A dread lich (Vaults:5)
  An orb of fire (Zot:1)
  Vashnia (Snake:2)
  A golden dragon (Zot:2)
  Nikola (Elf:1)
  2 electric golems (Zot:5)
  2 tentacled monstrosities
  5 Orb Guardians (Zot:5)
  A titan (Vaults:3)
  A walking divine tome (Depths:2)
  A thorn hunter (Swamp:2)
  Gastronok (D:11)
  3 death cobs
  A sphinx (Depths:4)
  A shadow dragon (Vaults:5)
  A tengu reaver (Depths:2)
  A nagaraja (Snake:4)
  4 storm dragons
  A frost giant (Depths:3)
  A draconian scorcher (Zot:1)
  2 draconian shifters
  A fire giant (Depths:2)
  3 deep elf sorcerers
  2 ghost moths
  Aizul (Snake:3)
  2 balrugs
  2 ghouls (Swamp:2)
  3 vault wardens
  6 very ugly things
  3 ironbound preservers
  A cacodemon (D:9)
  A war gargoyle (Vaults:3)
  A formless jellyfish (Vaults:3)
  3 stone giants
  A vampire knight (Depths:3)
  4 deep elf annihilators
  6 black draconians
  2 green draconians
  An eleionoma (Swamp:2)
  A pale draconian (Depths:4)
  A spark wasp (Depths:3)
  A bunyip (Swamp:2)
  A deep elf death mage (Elf:3)
  5 slime creatures
  2 white draconians (Zot:3)
  A fire dragon (Depths:1)
  A deep elf high priest (Vaults:3)
  A jiangshi (Depths:1)
  A great orb of eyes (Zot:3)
  4 vault guards
  4 hydras
  An ironbound frostheart (Vaults:3)
  A hell beast (Zot:3)
  A spriggan air mage (Depths:1)
  A centaur warrior (Vaults:4)
  5 alligators
  2 anacondas
  5 dancing weapons
  A death yak (Lair:5)
  3 naga warriors
  A spriggan berserker (Depths:4)
  An orc high priest (Orc:2)
  Urug (Lair:2)
  5 naga sharpshooters
  2 shock serpents
  4 deep elf knights (Elf:1)
  An iron troll (Depths:2)
  2 salamander mystics
  A goliath frog (Swamp:1)
  A spriggan druid (Swamp:4)
  A glowing orange brain (Depths:1)
  A swamp dragon (Swamp:4)
  A shadow demon (Depths:4)
  3 deep trolls
  A wizard (Vaults:3)
  2 deep elf archers
  A necromancer (Vaults:4)
  3 ironbound convokers
  3 orc knights
  6 deep elf zephyrmancers
  4 deep elf pyromancers
  4 mana vipers
  2 manticores
  3 ugly things
  4 moths of wrath
  5 salamanders
  3 elephants
  4 black mambas
  A naga mage (Snake:4)
  3 vault sentinels
  A cane toad (Lair:4)
  2 kobold demonologists (D:9)
  2 komodo dragons (Lair:4)
  3 rime drakes
  2 tengu conjurers
  A yaktaur (Vaults:3)
  A merfolk (shapeshifter) (Vaults:4)
  A polar bear (Lair:5)
  A tyrant leech (Lair:3)
  4 blink frogs
  A dream sheep (Lair:5)
  A hornet (Swamp:4)
  2 spriggans (Swamp:2)
  A water elemental (Elf:3)
  A wraith (D:11)
  15 yaks
  2 vampires (D:12)
  A yak (shapeshifter) (D:15)
  A fire elemental (D:13)
  A steam dragon (Depths:4)
  A chaos spawn (Depths:2)
  A basilisk (Lair:4)
  An elf skeleton (Vaults:5)
  2 swamp worms (Swamp:4)
  5 nagas
  11 orc warriors
  An ice beast (D:6)
  A black bear (D:11)
  2 wolves
  6 centaurs
  A phantom (D:6)
  4 bullfrogs
  An earth elemental (Elf:3)
  3 killer bees (Lair:4)
  3 orc priests
  An iguana (D:6)
  An orc wizard (D:8)
  2 gnolls (D:12)
  An ufetubus (D:6)
  10 orcs
  5 kobolds
300 creatures vanquished.

Vanquished Creatures (others)
  A demonspawn corrupter (Depths:4)
  An anaconda (Snake:2)
  An alligator (Swamp:1)
  2 deep elf knights (Elf:2)
  A black mamba (Snake:2)
  A naga mage (Snake:2)
  A bloated husk (Swamp:1)
  A naga (Snake:2)
  54 hexers
  4 foxfires (Swamp:2)
67 creatures vanquished.

Grand Total: 2226 creatures vanquished

Notes
Turn   | Place    | Note
-------+----------+-------------------------------------------
     0 | D:1      | kush the Armataur Monk began the quest for the Orb.
     0 | D:1      | Reached XP level 1. HP: 19/19 MP: 1/1
    77 | D:1      | Reached XP level 2. HP: 12/26 MP: 2/2
   387 | D:1      | Found a faded altar of an unknown god.
   625 | D:1      | Reached XP level 3. HP: 31/33 MP: 3/3
   981 | D:2      | Noticed Jessica
   985 | D:2      | Killed Jessica
   986 | D:2      | Reached XP level 4. HP: 40/40 MP: 4/4
  1226 | D:2      | You fall into a shaft and drop 1 floor!
  1464 | D:3      | Reached skill level 1 in Throwing
  1521 | D:3      | Reached XP level 5. HP: 44/48 MP: 5/5
  2063 | D:3      | Reached skill level 5 in Maces & Flails
  2140 | D:3      | Found a snail-covered altar of Cheibriados.
  2325 | D:4      | Noticed a phantom
  2346 | D:4      | Killed a phantom
  2347 | D:4      | Reached XP level 6. HP: 53/54 MP: 6/6
  2392 | D:4      | Noticed Robin
  2408 | D:4      | Killed Robin
  3059 | D:4      | Found a shadowy altar of Dithmenos.
  3122 | D:4      | Found an opulent altar of Gozag.
  3413 | D:5      | Entered Level 5 of the Dungeon
  3427 | D:4      | Reached XP level 7. HP: 27/60 MP: 7/7
  3553 | D:5      | Found a glowing drain.
  3557 | Sewer    | Entered a sewer
  3797 | Sewer    | Found a viscous altar of Jiyva.
  4068 | D:5      | HP: 1/60 [gnoll sergeant/+0 trident (13)]
  4083 | D:5      | HP: 1/60 [gnoll sergeant/+0 trident (8)]
  4087 | D:5      | Reached XP level 8. HP: 22/67 MP: 8/8
  4854 | D:5      | Reached skill level 5 in Throwing
  4983 | D:5      | Identified the +5 scale mail of Past Mistakes {+Inv MP-9
                  | Int+3}
  5036 | D:5      | Found a basalt altar of Yredelemnul.
  5261 | D:5      | Reached skill level 1 in Armour
  5303 | D:5      | Reached skill level 1 in Shields
  5415 | D:5      | Found a staircase to the Ecumenical Temple.
  5424 | Temple   | Entered the Ecumenical Temple
  5639 | Temple   | Became a worshipper of Hepliaklqana the Forgotten
  5639 | Temple   | Reached * piety under Hepliaklqana
  5639 | Temple   | Reached ** piety under Hepliaklqana
  5640 | Temple   | Remembered your ancestor Silver Chariot as a hexer
  6138 | D:6      | Reached XP level 9. HP: 68/68 MP: 0/9
  6326 | D:6      | Found a stormy altar of Qazlal.
  6365 | D:6      | Reached *** piety under Hepliaklqana
  6579 | D:6      | Found a runed translucent door.
  6579 | D:6      | Noticed Crazy Yiuf
  6588 | D:6      | Killed Crazy Yiuf
  6966 | D:7      | Found a flagged portal.
  6977 | Bailey   | Entered a bailey
  7350 | Bailey   | Reached skill level 5 in Fighting
  7368 | Bailey   | Reached skill level 1 in Axes
  7547 | Bailey   | Reached XP level 10. HP: 27/78 MP: 1/10
  7738 | Bailey   | Reached skill level 2 in Axes
  7738 | Bailey   | Reached skill level 5 in Armour
  8239 | Bailey   | Reached skill level 11 in Axes
  8239 | Bailey   | Reached XP level 11. HP: 85/85 MP: 2/11
  8239 | Bailey   | Reached XP level 12. HP: 91/91 MP: 3/12
  8593 | D:7      | Reached **** piety under Hepliaklqana
  8863 | D:8      | Noticed Amaemon
  8863 | D:8      | Found an iron altar of Okawaru.
  9164 | D:7      | Killed Amaemon
  9165 | D:7      | Reached skill level 5 in Shields
  9791 | D:9      | Reached skill level 1 in Invocations
 10375 | D:9      | Noticed a two-headed ogre
 10419 | D:8      | Killed a two-headed ogre
 10568 | D:9      | Found a shimmering blue altar of Sif Muna.
 11051 | D:10     | Entered Level 10 of the Dungeon
 11052 | D:10     | Noticed Fannar
 11127 | D:10     | Killed Fannar
 11221 | D:10     | Found a portal to a secret trove of treasure.
 11264 | Trove    | Entered a treasure trove
 11292 | Trove    | Identified the +1 barding "Textaq" {Harm Will+ rCorr}
 11293 | Trove    | Identified the +2 cloak "Jyniuj" {Dex+7}
 11305 | Trove    | Identified the +7 crystal plate armour of Ru's Displeasure
                  | {rPois rC+ Int+4}
 11316 | Trove    | Identified the +0 barding "Dodumny" {rF+ rC+ Int-5}
 11323 | Trove    | Identified the +0 helmet "Trusted Companion" {-Tele rN+
                  | rCorr}
 11329 | Trove    | Identified the +4 hat of Lamnaik {Rampage rF- Will- Int+8}
 11497 | D:10     | Noticed a two-headed ogre
 11507 | D:10     | Killed a two-headed ogre
 11698 | D:10     | Noticed Snorg
 11720 | D:10     | Killed Snorg
 11745 | D:10     | Noticed a two-headed ogre
 11756 | D:10     | Killed a two-headed ogre
 12310 | D:10     | Reached XP level 13. HP: 112/112 MP: 15/15
 12621 | D:11     | Noticed Josephine
 12822 | D:11     | Found a staircase to the Orcish Mines.
 13115 | D:11     | Noticed Gastronok
 13137 | D:11     | Killed Gastronok
 13147 | D:11     | Found a staircase to the Lair.
 13248 | D:11     | Reached skill level 10 in Armour
 13838 | D:11     | Killed Josephine
 13894 | Lair:1   | Entered Level 1 of the Lair of Beasts
 14697 | Lair:2   | Identified the +6 chain mail of the Tuna {Rampage *Corrode
                  | rF- rN+++}
 15019 | Lair:2   | Noticed Urug
 15101 | Lair:2   | Killed Urug
 15737 | Lair:3   | Found a staircase to the Snake Pit.
 15813 | Lair:2   | Reached skill level 10 in Fighting
 16600 | Lair:3   | Reached XP level 14. HP: 105/118 MP: 16/16
 16639 | Lair:3   | Found a staircase to the Swamp.
 17003 | Lair:4   | Noticed Sonja
 17024 | Lair:4   | Killed Sonja
 18405 | Lair:5   | Entered Level 5 of the Lair of Beasts
 18522 | Lair:5   | Reached skill level 1 in Evocations
 18533 | Lair:5   | Found a viscous altar of Jiyva.
 18533 | Lair:5   | Found a staircase to the Slime Pits.
 19006 | Lair:5   | Reached ***** piety under Hepliaklqana
 19297 | Lair:5   | Reached XP level 15. HP: 107/129 MP: 18/18
 19329 | Lair:5   | Reached skill level 5 in Invocations
 19341 | Lair:5   | Reached skill level 15 in Armour
 19357 | Lair:5   | Identified the amulet "Naxtemesaw" {Spirit rN++ Regen+
                  | SInv}
 19461 | Lair:5   | Identified the +2 quarterstaff of Theory {freeze, rF+ MP+9
                  | Dex-3}
 20373 | D:12     | Noticed Erolcha
 20382 | D:12     | Killed Erolcha
 20877 | D:12     | Found a shadowy altar of Dithmenos.
 21059 | Orc:1    | Entered Level 1 of the Orcish Mines
 21391 | Orc:2    | Entered Level 2 of the Orcish Mines
 21675 | Orc:2    | Reached skill level 5 in Evocations
 21678 | Orc:2    | Found Heixupn's Distillery.
 21678 | Orc:2    | Found Xokluer's General Store.
 21678 | Orc:2    | Found Coetal's Antique Weapon Emporium.
 21678 | Orc:2    | Found Sishivui's Jewellery Emporium.
 22793 | Orc:2    | Found a staircase to the Elven Halls.
 22950 | Orc:2    | Bought a potion of heal wounds for 75 gold pieces
 22950 | Orc:2    | Bought a potion of might for 60 gold pieces
 22950 | Orc:2    | Bought a potion of lignification for 45 gold pieces
 22950 | Orc:2    | Bought a potion of enlightenment for 75 gold pieces
 22950 | Orc:2    | Bought a potion of heal wounds for 75 gold pieces
 22950 | Orc:2    | Bought a potion of heal wounds for 75 gold pieces
 22950 | Orc:2    | Bought a potion of curing for 45 gold pieces
 22952 | Orc:2    | Bought a scroll of identify for 30 gold pieces
 22952 | Orc:2    | Bought a scroll of identify for 30 gold pieces
 22955 | Orc:2    | Bought the ring of Nibbil {rElec rCorr} for 544 gold pieces
 23254 | Orc:2    | Bought a +5 ring of evasion for 576 gold pieces
 23693 | D:13     | Noticed Kirke
 23705 | D:13     | Killed Kirke
 23896 | D:13     | Reached skill level 12 in Axes
 23910 | D:13     | Identified the +1 mace of Uclar {venom, Contam Int+4}
 23962 | D:13     | Noticed Azrael
 23992 | D:13     | Killed Azrael
 24343 | D:14     | Reached XP level 16. HP: 126/136 MP: 16/21
 24400 | D:14     | Found a gate to the Vaults.
 25091 | D:15     | Entered Level 15 of the Dungeon
 25144 | D:15     | Found a blossoming altar of Fedhas.
 25564 | D:15     | Found a shimmering altar of Xom.
 25566 | D:15     | Found a shimmering altar of Xom.
 25991 | D:15     | Found a staircase to the Depths.
 26165 | Snake:1  | Entered Level 1 of the Snake Pit
 26392 | Snake:1  | Noticed Agnes
 26406 | Snake:1  | Killed Agnes
 26967 | Snake:1  | Reached skill level 13 in Axes
 27542 | Snake:2  | Noticed Vashnia
 27569 | Snake:2  | Killed Vashnia
 28039 | Snake:2  | Reached XP level 17. HP: 67/146 MP: 11/22
 28347 | Snake:2  | Reached ****** piety under Hepliaklqana
 29227 | Snake:3  | Reached skill level 14 in Axes
 29227 | Snake:3  | Reached skill level 10 in Throwing
 30112 | Snake:3  | Noticed Aizul
 30134 | Snake:3  | Killed Aizul
 30338 | Snake:4  | Entered Level 4 of the Snake Pit
 31603 | Snake:4  | Reached skill level 15 in Axes
 31623 | Snake:4  | Reached XP level 18. HP: 111/156 MP: 4/23
 32458 | Snake:4  | Got a serpentine rune of Zot
 32650 | Swamp:1  | Entered Level 1 of the Swamp
 32829 | Swamp:1  | Reached skill level 16 in Axes
 33035 | Swamp:1  | Found a stormy altar of Qazlal.
 34148 | Swamp:3  | Reached skill level 17 in Axes
 34201 | Swamp:3  | Identified the +8 scimitar of Ketz {venom, +Blink rN+ Int+2
                  | Dex-2}
 34692 | Swamp:4  | Entered Level 4 of the Swamp
 35311 | Swamp:4  | Identified the +1 robe of the Hills {Stlth+}
 35376 | Swamp:4  | Got a decaying rune of Zot
 35787 | Elf:1    | Entered Level 1 of the Elven Halls
 35892 | Elf:1    | Reached skill level 18 in Axes
 35892 | Elf:1    | Reached XP level 19. HP: 135/162 MP: 17/24
 36476 | Elf:1    | Noticed Nikola
 36489 | Elf:1    | Killed Nikola
 36979 | Elf:2    | Paralysed by an air elemental for 1 turns
 37611 | Elf:2    | Found a runed translucent gate.
 37611 | Elf:2    | Found a runed translucent gate.
 37612 | Elf:2    | Found a runed translucent gate.
 37615 | Elf:2    | Found the +7 Spriggan's Knife {stab, EV+4 Stlth+}
 37707 | Elf:2    | Reached skill level 19 in Axes
 37928 | Elf:2    | Reached skill level 5 in Dodging
 38213 | Elf:3    | Entered Level 3 of the Elven Halls
 38580 | Elf:3    | Found Wamonatt's Assorted Antiques.
 38583 | Elf:3    | Bought a glowing broad axe for 217 gold pieces
 39403 | Elf:3    | Noticed a Brimstone Fiend
 39482 | Elf:3    | Reached XP level 20. HP: 64/170 MP: 3/25
 39692 | Elf:3    | Identified the +0 plate armour of Ciull {rCorr}
 39695 | Elf:3    | Identified the +11 plate armour of the Aged Servitors
                  | {Will+ Str+3 Int+2}
 39943 | Elf:3    | Identified the +7 dagger "Owasm" {flame, Int+4}
 39955 | Elf:3    | Reached skill level 20 in Axes
 39955 | Elf:3    | Identified the +4 orcbow "Ziodamij" {heavy, rN+ Will+
                  | Int-5}
 39999 | Elf:3    | Identified the +4 dagger of the Rescuing Gods {elec, rC+
                  | Str+3 SInv}
 40316 | Vaults:1 | Entered Level 1 of the Vaults
 40424 | Vaults:1 | Found the +5 Lochaber axe {reach-cleave, Poleaxe Drain}
 41633 | Vaults:2 | Found Gevieng's General Store.
 42509 | Vaults:2 | Reached skill level 21 in Axes
 42563 | Vaults:2 | Found a staircase to the Crypt.
 42563 | Vaults:2 | Found an ancient bone altar of Kikubaaqudgha.
 42564 | Vaults:2 | Found a basalt altar of Yredelemnul.
 43385 | Vaults:3 | Reached XP level 21. HP: 156/176 MP: 23/26
 43400 | Vaults:3 | Noticed Frederick
 43411 | Vaults:3 | Killed Frederick
 44373 | Vaults:3 | Identified the +12 short sword "Ugutiju" {venom, rPois
                  | rCorr Str+2}
 44374 | Vaults:3 | Identified the +8 war axe of Ambiguity {holy, Str+4}
 44508 | Vaults:3 | Reached skill level 15 in Fighting
 44511 | Vaults:3 | Reached skill level 22 in Axes
 44833 | Vaults:3 | Identified the +1 mace of Spontaneous Combustion {drain,
                  | rC+++ rCorr Int-2 SInv}
 45344 | Vaults:4 | Identified the +2 pair of gloves of Hoheacwy {Harm Regen+
                  | Int-5}
 45700 | Vaults:4 | Reached XP level 22. HP: 185/187 MP: 27/27
 46212 | Depths:1 | Entered Level 1 of the Depths
 46212 | Depths:1 | Found a gateway to Hell.
 46602 | Depths:1 | Found a runed translucent door.
 46892 | Depths:2 | Found a one-way gate to the infinite horrors of the Abyss.
 46915 | Depths:2 | Identified the +1 falchion of kush's Disembowelment {spect,
                  | Str+6}
 46989 | Depths:2 | Noticed Sojobo
 47014 | Depths:2 | Killed Sojobo
 47198 | Depths:2 | Found a one-way gate leading to the halls of Pandemonium.
 47406 | Depths:2 | Noticed Vv
 47417 | Depths:2 | Killed Vv
 47842 | Depths:2 | Noticed a caustic shrike
 47847 | Depths:2 | Killed a caustic shrike
 47848 | Depths:2 | Reached skill level 23 in Axes
 47885 | Depths:2 | Identified the +8 great mace of the Toadstool {freeze,
                  | *Noise rN+++ Str+2 Dex-3}
 48426 | Depths:3 | Noticed Louise
 48435 | Depths:3 | Killed Louise
 48459 | Depths:3 | Found a one-way gateway to a ziggurat.
 48697 | Depths:3 | Paralysed by a floating eye for 3 turns
 48704 | Depths:3 | Paralysed by a floating eye for 2 turns
 48711 | Depths:3 | Noticed a golden dragon
 49005 | Depths:3 | Killed a golden dragon
 49214 | Depths:4 | Entered Level 4 of the Depths
 49308 | Depths:4 | Reached XP level 23. HP: 124/196 MP: 18/28
 50021 | Depths:4 | Found a gate to the Realm of Zot.
 50414 | Vaults:5 | Entered Level 5 of the Vaults
 50580 | Vaults:5 | Identified the +4 scale mail of the Sun {rPois Slay+5}
 50599 | Vaults:5 | Reached skill level 24 in Axes
 50695 | Vaults:5 | Identified the +4 quarterstaff of Ocwoin {flame, *Rage
                  | +Blink rC+++ Int-2}
 50728 | Vaults:5 | Got a silver rune of Zot
 50867 | Vaults:5 | Identified the amulet "Vaclud" {Acrobat Rampage Int+3
                  | Dex+3}
 50877 | Vaults:5 | Noticed a dread lich
 50905 | Vaults:5 | Killed a dread lich
 51044 | Vaults:5 | Found the ring of the Octopus King {rN+ HP+2 AC+2 EV+2
                  | SH+2}
 51192 | Vaults:5 | Noticed Xtahua
 51210 | Vaults:5 | Killed Xtahua
 51565 | Vaults:5 | Noticed an ancient lich
 51571 | Vaults:5 | Killed an ancient lich
 51731 | Vaults:5 | Reached XP level 24. HP: 183/208 MP: 26/28
 52055 | Vaults:5 | Noticed a dread lich
 52061 | Vaults:5 | Killed a dread lich
 52763 | Depths:1 | Reached skill level 25 in Axes
 52783 | Depths:1 | Got the Octavo of Amathomancy
 52919 | Zot:1    | Entered Level 1 of the Realm of Zot
 52945 | Zot:1    | Noticed an orb of fire
 52953 | Zot:1    | Killed an orb of fire
 54206 | Zot:2    | Gained mutation: You have an increased reservoir of magic.
                  | (+10% MP) [mutagenic glow]
 54221 | Zot:2    | Gained mutation: You sometimes lose your temper in combat.
                  | [mutagenic glow]
 54273 | Zot:2    | Lost mutation: You sometimes lose your temper in combat.
                  | [potion of mutation]
 54273 | Zot:2    | Lost mutation: You have an increased reservoir of magic.
                  | (+10% MP) [potion of mutation]
 54273 | Zot:2    | Gained mutation: You sometimes lose your temper in combat.
                  | [potion of mutation]
 54273 | Zot:2    | Gained mutation: You occasionally lose the ability to drink
                  | potions when taking damage. [potion of mutation]
 54273 | Zot:2    | Gained mutation: You occasionally lose the ability to read
                  | scrolls when taking damage. [potion of mutation]
 54273 | Zot:2    | Gained mutation: Your movements are slightly less
                  | encumbered by armour. (ER -2) [potion of mutation]
 54273 | Zot:2    | Gained mutation: You are occasionally teleported next to
                  | monsters. [potion of mutation]
 54273 | Zot:2    | Gained mutation: You are agile. (Dex +4, Str/Int -1)
                  | [potion of mutation]
 54273 | Zot:2    | Gained mutation: Your flesh is cold resistant. (rC+)
                  | [potion of mutation]
 54274 | Zot:2    | Lost mutation: You are occasionally teleported next to
                  | monsters. [potion of mutation]
 54274 | Zot:2    | Lost mutation: Your movements are slightly less encumbered
                  | by armour. (ER -2) [potion of mutation]
 54274 | Zot:2    | Lost mutation: You are agile. (Dex +4, Str/Int -1) [potion
                  | of mutation]
 54274 | Zot:2    | Lost mutation: You sometimes lose your temper in combat.
                  | [potion of mutation]
 54274 | Zot:2    | Gained mutation: Your tail ends in a venomous barb. [potion
                  | of mutation]
 54274 | Zot:2    | Gained mutation: You expend magic power (3 MP) to
                  | strengthen your wands. [potion of mutation]
 54274 | Zot:2    | Gained mutation: Your body sometimes deteriorates upon
                  | taking damage. [potion of mutation]
 54274 | Zot:2    | Gained mutation: You are resistant to electric shocks.
                  | (rElec) [potion of mutation]
 54274 | Zot:2    | Gained mutation: You passively map a small area around you.
                  | [potion of mutation]
 54275 | Zot:2    | Lost mutation: You passively map a small area around you.
                  | [potion of mutation]
 54275 | Zot:2    | Lost mutation: Your tail ends in a venomous barb. [potion
                  | of mutation]
 54275 | Zot:2    | Lost mutation: You expend magic power (3 MP) to strengthen
                  | your wands. [potion of mutation]
 54275 | Zot:2    | Lost mutation: Your flesh is cold resistant. (rC+) [potion
                  | of mutation]
 54275 | Zot:2    | Lost mutation: You are resistant to electric shocks.
                  | (rElec) [potion of mutation]
 54275 | Zot:2    | Lost mutation: You occasionally lose the ability to read
                  | scrolls when taking damage. [potion of mutation]
 54275 | Zot:2    | Gained mutation: You have a pair of small horns on your
                  | head. [potion of mutation]
 54275 | Zot:2    | Gained mutation: You are frail. (-10% HP) [potion of
                  | mutation]
 54275 | Zot:2    | Gained mutation: Your flesh is heat resistant. (rF+)
                  | [potion of mutation]
 54277 | Zot:2    | Lost mutation: You are frail. (-10% HP) [potion of
                  | mutation]
 54277 | Zot:2    | Lost mutation: Your body sometimes deteriorates upon taking
                  | damage. [potion of mutation]
 54277 | Zot:2    | Lost mutation: Your flesh is heat resistant. (rF+) [potion
                  | of mutation]
 54277 | Zot:2    | Lost mutation: You occasionally lose the ability to drink
                  | potions when taking damage. [potion of mutation]
 54277 | Zot:2    | Lost mutation: You have a pair of small horns on your head.
                  | [potion of mutation]
 54277 | Zot:2    | Gained mutation: You expend magic power (3 MP) to
                  | strengthen your wands. [potion of mutation]
 54277 | Zot:2    | Gained mutation: You are weak. (Str -2) [potion of
                  | mutation]
 54277 | Zot:2    | Gained mutation: Your body sometimes deteriorates upon
                  | taking damage. [potion of mutation]
 54277 | Zot:2    | Gained mutation: You occasionally shout uncontrollably at
                  | your foes. [potion of mutation]
 54277 | Zot:2    | Gained mutation: You frequently scream uncontrollably at
                  | your foes. [potion of mutation]
 54277 | Zot:2    | Gained mutation: Your system is resistant to poisons.
                  | (rPois) [potion of mutation]
 54278 | Zot:2    | Lost mutation: You frequently scream uncontrollably at your
                  | foes. [potion of mutation]
 54278 | Zot:2    | Lost mutation: Your system is resistant to poisons. (rPois)
                  | [potion of mutation]
 54278 | Zot:2    | Lost mutation: Your body sometimes deteriorates upon taking
                  | damage. [potion of mutation]
 54278 | Zot:2    | Lost mutation: You expend magic power (3 MP) to strengthen
                  | your wands. [potion of mutation]
 54278 | Zot:2    | Gained mutation: Your spells are a little harder to cast,
                  | but a little more powerful. [potion of mutation]
 54278 | Zot:2    | Gained mutation: You sometimes lose your temper in combat.
                  | [potion of mutation]
 54278 | Zot:2    | Gained mutation: You are partially covered in iridescent
                  | scales. (AC +2) [potion of mutation]
 54279 | Zot:2    | Lost mutation: You are weak. (Str -2) [potion of mutation]
 54279 | Zot:2    | Lost mutation: You occasionally shout uncontrollably at
                  | your foes. [potion of mutation]
 54279 | Zot:2    | Lost mutation: You are partially covered in iridescent
                  | scales. (AC +2) [potion of mutation]
 54279 | Zot:2    | Lost mutation: Your spells are a little harder to cast, but
                  | a little more powerful. [potion of mutation]
 54279 | Zot:2    | Lost mutation: You sometimes lose your temper in combat.
                  | [potion of mutation]
 54279 | Zot:2    | Gained mutation: You are partially covered in iridescent
                  | scales. (AC +2) [potion of mutation]
 54279 | Zot:2    | Gained mutation: Your spells are a little easier to cast,
                  | but a little less powerful. [potion of mutation]
 54279 | Zot:2    | Gained mutation: Your mind is acute. (Int +4, Str/Dex -1)
                  | [potion of mutation]
 54415 | Zot:2    | Noticed an orb of fire
 54417 | Zot:2    | Noticed a Killer Klown
 54427 | Zot:2    | Gained mutation: You sometimes lose your temper in combat.
                  | [an orb of fire]
 54428 | Zot:2    | Killed an orb of fire
 54436 | Zot:2    | Killed a Killer Klown
 54444 | Zot:2    | Noticed a Killer Klown
 54467 | Zot:2    | Killed a Killer Klown
 54474 | Zot:2    | Reached XP level 25. HP: 152/219 MP: 14/28
 54619 | Zot:2    | Noticed a Killer Klown
 54633 | Zot:2    | Killed a Killer Klown
 55436 | Zot:3    | Found the amulet of the Four Winds {rN+ Will+++ Clar}
 55516 | Zot:3    | Noticed a Killer Klown
 55668 | Zot:3    | Killed a Killer Klown
 56579 | Zot:3    | Identified the +2 robe "Dyiceb" {SInv}
 57011 | Zot:4    | Noticed an orb of fire
 57012 | Zot:4    | Gained mutation: You occasionally lose the ability to drink
                  | potions when taking damage. [an orb of fire]
 57024 | Zot:4    | Killed an orb of fire
 57151 | Zot:5    | Entered Level 5 of the Realm of Zot
 58321 | Zot:5    | Paralysed by a Zot trap for 5 turns
 58369 | Zot:5    | Noticed a Killer Klown
 58379 | Zot:5    | Killed a Killer Klown
 58689 | Zot:5    | Noticed a Killer Klown
 58705 | Zot:5    | Killed a Killer Klown
 58773 | Zot:5    | Noticed a Killer Klown
 58780 | Zot:5    | Killed a Killer Klown
 59004 | Zot:5    | Noticed an orb of fire
 59010 | Zot:5    | Noticed a Killer Klown
 59014 | Zot:5    | Killed an orb of fire
 59016 | Zot:5    | Reached XP level 26. HP: 175/236 MP: 25/28
 59408 | Zot:5    | Noticed an ancient lich
 59423 | Zot:5    | Killed an ancient lich
 59452 | Zot:5    | Got the Orb of Zot
 59913 | D:14     | Noticed Laarerch the pandemonium lord
 59975 | D:10     | Gained mutation: Your spells are easier to cast, but less
                  | powerful. [a cacodemon]
 60018 | D:9      | Noticed Boiliboirch the pandemonium lord
 60186 | D:$      | Escaped with the Orb!

Illustrated notes

Levels and vault maps discovered:
D:1:      lemuel_arrival_cross, layout_basic,
          dreamdust_ecumenical_altar_drowned_temple,
          corexii_item_surrounded_by_moat, nrook_mini_vaults, minmay_vboxes
D:2:      layout_rooms, minmay_misc_feat_pillars, uniq_jessica
D:3:      layout_loops_ring, mainiacjoe_overflow_cross_hatched
D:4:      layout_basic, marbit_many_paths,
          nicolae_dithmenos_through_a_glass_darkly, uniq_robin
D:5:      layout_cave_pools, kennysheep_mini, temple_hall, serial_gnoll_camp,
          gnoll_camp_huts_basic, gnoll_camp_mini_basic, gnoll_camp_mini_hut,
          gnoll_camp_mini_house, gnoll_camp_medium_01, gup_sewer_entry_bowl,
          hangedman_decor_clover_reticule
D:6:      layout_loops_corners, nicolae_qazlal_beasts_of_the_sky,
          amcnicky_mini_pool_medium, uniq_crazy_yiuf_cottage
D:7:      layout_cave_pools, enter_bailey_2, dreamdust_princess_corridor
D:8:      layout_gridville, okawaru_metal_pillars_1_2, st_stairs_12,
          uniq_amaemon
D:9:      layout_long_grid, mainiacjoe_overflow_alcove_1, serial_glass,
          glass_columns_a, glass_columns_a, glass_columns_b, glass_columns_a,
          glass_columns_b, kennysheep_generic_room_16
D:10:     layout_basic, nicolae_trove_entry_path_of_doom, uniq_snorg,
          uniq_fannar
D:11:     layout_cave_pods, grunt_lair_entry_orc_guard_hut, david_orc_5,
          uniq_josephine, uniq_gastronok
D:12:     layout_basic, nicolae_nh_vlads_tower, uniq_erolcha
D:13:     layout_roguey, uniq_azrael, uniq_kirke
D:14:     layout_gridville, grunt_vaults_entry_fortified, minmay_fountain_box
D:15:     grunt_enter_depths_snipers, layout_basic, fedhas_altar_3,
          xom_redecorated
Temple:   bh_familiar_temple
Lair:1:   layout_regular_city, grunt_forest_small_clearing_treed,
          infiniplex_staircase_pool_2, lemuel_fruit_tree
Lair:2:   layout_small_grid, uniq_urug
Lair:3:   layout_regular_city, palyth_hydra_swamp_entry,
          minmay_snake_entry_guardpost_small
Lair:4:   regret_index_bee_streams, layout_cellular_growth, uniq_sonja
Lair:5:   grunt_lair_end_beastmaster, layout_hall_layers, slime_entry_1,
          chequers_serial_rivers_room_b
Swamp:1:  layout_basic_swamp, basic_altar
Swamp:2:  layout_basic_swamp, evilmike_swamp_ruin_house_5
Swamp:3:  layout_basic_swamp, evilmike_swamp_ruin_rubble_2, swamp_pool4
Swamp:4:  swamp_alternative, layout_basic_swamp
Snake:1:  layout_basic, serial_curves, eino_curves_01, eino_curves_04,
          serial_bayou_shore_b, uniq_agnes
Snake:2:  layout_misc_corridors, serial_bayou_shore_b, uniq_vashnia
Snake:3:  cheibrodos_forgotten_conduit, layout_layer_cave, serial_bayou_shore_b,
          serial_bayou_shore_a, serial_bayou_shore_b, serial_bayou_shore_b,
          uniq_aizul
Snake:4:  grunt_snake_rune_serpentine_throne, layout_cave_town
Orc:1:    layout_diamond_mine, basic_altar
Orc:2:    st_orc_pillars, layout_diamond_mine, basic_altar,
          nicolae_orc_flooded_monolith, elves_outpost_lemuel
Elf:1:    minmay_elf_arrival_summoners, layout_geoelf_octagon,
          hangedman_elf_represent, hex_large, nicolae_elf_w_pinch, uniq_nikola
Elf:2:    nicolae_elf_blades_splatter_lattice [mumra_blade_entry_bloodbath],
          layout_onion_city, serial_co_window_serial, co_window_cross_1,
          co_window_of_opportunity_a, co_window_of_opportunity_a,
          co_window_paths_a, co_window_paths_b, co_window_broadway_c,
          co_window_corner_ca, glass_columns_b, glass_columns_b,
          glass_columns_a, glass_columns_c, glass_columns_a
Elf:3:    minmay_elf_hall_curves, layout_gridlike, serial_corexii_hall,
          chequers_hall_statues_wall_a, corexii_hall_statues_t, serial_shops,
          nicolae_shop_real_fake_doors, grunt_megastairs_2
Vaults:1: nicolae_vaults_sesquioval_fish, hangedman_vaults_slither,
          nicolae_vaults_house_3, nicolae_vaults_murder_corner,
          nicolae_vaults_shelves_hall, nicolae_vaults_shrinking_rooms_1,
          ontoclasm_vaults_bender, hangedman_vaults_cutoff,
          hangedman_vaults_stretched_pinwheel, nicolae_vaults_tetromino_T_1,
          hangedman_vaults_capsules, nicolae_vaults_closet_pinwheel_5,
          layout_vaults_maze_snakey
Vaults:2: minmay_crypt_entry_necro_gods, st_squares, hangedman_vaults_unwind,
          nicolae_vaults_weapon_check, nicolae_vaults_turnstiles,
          nicolae_vaults_circle_grid_a, nicolae_vaults_little_squares_5,
          nicolae_vaults_little_squares_4, ontoclasm_vaults_spin,
          vaults_mumra_lcd, grunt_vaults_funnel, ontoclasm_vaults_ring_small,
          ontoclasm_vaults_eye, layout_vaults_omnicross, serial_shops,
          nicolae_shop_hallway_plus
Vaults:3: hangedman_vaults_pinch, nicolae_vaults_double_plus_3,
          vaults_room_fours, nicolae_vaults_trapezoid_4, st_greater_box_2,
          hangedman_vaults_trim, vaults_room_grid, hangedman_vaults_restitches,
          nicolae_vaults_stepped_doors, nicolae_vaults_puzzle_piece,
          ontoclasm_vaults_ring_square, nicolae_vaults_diamond_2,
          nicolae_vaults_tetromino_Z_1, layout_vaults_omnibox, uniq_frederick
Vaults:4: nicolae_vaults_trapezoid_lopsided_1, vaults_dpeg_spiral,
          nicolae_vaults_alarming, ontoclasm_vaults_ring_small, st_more_cells,
          v_misc_30, nicolae_vaults_apartment_2, vaults_dpeg_hooks,
          nicolae_vaults_trapezoid_2, vaults_room_fours, layout_vaults_big_room
Vaults:5: serial_shops, uniq_xtahua
Depths:1: layout_cave_pools, hell_entry, minmay_misc_feat_secret_circle,
          minmay_holes, minmay_acid_items
Depths:2: cell_vault, layout_long_grid, abyss_entry_glasseish,
          rand_demon_pan_entry_9, hell_entry,
          eino_small_chamber_without_monster, uniq_vv, uniq_sojobo
Depths:3: minmay_bloctagon, layout_gridville, enter_ziggurat_c,
          nicolae_abyss_entry_one_way_or_another,
          serial_sigils_hangedman_scratch, hell_entry,
          infiniplex_staircase_pillars_2
Depths:4: evilmike_zot_entry_gauntlet, layout_long_grid,
          nicolae_concentric_dashed_squares_mild, pan_entry,
          abyss_entry_small_statue_room, hell_entry,
          serial_sigils_hangedman_writhe
Zot:1:    lemuel_draconian_sentries_small, layout_misc_corridors
Zot:2:    grunt_zot_stairs_mandelzot, layout_misc_corridors, uniq_josephina
Zot:3:    hangedman_orp_of_zott, layout_misc_corridors, st_single_dragon_hoard_2
Zot:4:    layout_onion_interference, nicolae_diode_basic
Zot:5:    layout_gridlike

Skill      XL: |  1  2  3  4  5  6  7  8  9 10 11 12 13 14 15 16 17 18 19 20 21 22 23 24 25 26 |
---------------+-------------------------------------------------------------------------------+-----
Maces & Flails | 3 4 5 6 7 9 |  9.9
Fighting       | 3 5 7 10 12 13 14 15 16 17 18 21 22 | 22.3
Throwing       | 1 2 3 4 5 6 8 9 10 | 10.4
Armour         | 2 4 5 8 12 14 15 16 17 18 20 22 24 | 24.3
Shields        | 2 4 6 |  6.0
Axes           | 1 11 12 13 15 18 19 21 22 23 24 25 | 25.5
Invocations    | 2 4 6 7 |  7.7
Evocations     | 3 6 7 9 |  9.3
Dodging        | 6 8 9 |  9.0

Action                     |  1- 3 |  4- 6 |  7- 9 | 10-12 | 13-15 | 16-18 | 19-21 | 22-24 | 25-27 || total
---------------------------+-------+-------+-------+-------+-------+-------+-------+-------+-------++-------
  Melee: Mace              |    63 |    34 |   176 |    13 |       |       |       |       |       ||   286
         Tailslap          |     8 |    18 |    72 |    65 |   466 |   513 |   218 |   236 |   110 ||  1706
         Flail             |       |   134 |   184 |       |       |       |       |       |       ||   318
         Halberd           |       |       |       |    14 |       |       |       |       |       ||    14
         Demon whip        |       |       |       |   303 |  1846 |  1887 |    27 |       |       ||  4063
         Executioner's axe |       |       |       |    20 |       |   264 |   529 |       |       ||   813
         Lochaber axe      |       |       |       |       |       |       |   702 |  1288 |   586 ||  2576
  Throw: Dart              |       |     7 |    13 |       |       |       |       |       |       ||    20
         Boomerang         |       |       |    72 |     4 |    11 |     4 |     1 |    11 |    12 ||   115
         Throwing net      |       |       |       |     1 |       |       |       |       |       ||     1
         Javelin           |       |       |       |       |       |       |       |       |     6 ||     6
 Invoke: Ancestor Life: He |       |       |     1 |       |       |       |       |       |       ||     1
         Ancestor Identity |       |       |     1 |       |       |       |       |       |       ||     1
         Recall Ancestor   |       |       |       |     3 |     2 |     3 |     2 |     4 |     9 ||    23
         Idealise          |       |       |       |       |       |       |       |     2 |     1 ||     3
  Evoke: Wand              |       |       |     7 |       |       |    13 |     4 |     4 |     3 ||    31
         Phantom mirror    |       |       |       |       |       |     1 |       |       |       ||     1
         Condenser vane    |       |       |       |       |       |       |     2 |     1 |       ||     3
         Lightning rod     |       |       |       |       |       |       |       |     4 |       ||     4
    Use: Scroll            |       |     6 |     3 |       |    21 |     9 |     7 |    17 |     9 ||    72
         Potion            |       |       |     6 |     1 |     2 |     2 |     4 |    16 |    22 ||    53
   Stab: Confused          |       |       |     5 |     5 |    36 |    25 |    90 |    99 |    35 ||   295
         Distracted        |       |       |       |     3 |    22 |    28 |    20 |    17 |    19 ||   109
         Held in net/web   |       |       |       |     2 |       |       |       |       |       ||     2
         Paralysed         |       |       |       |       |    43 |    99 |    68 |    65 |    30 ||   305
 Armour: Robe              |     9 |       |       |       |       |       |       |       |       ||     9
         Ring mail         |     8 |       |       |       |       |       |       |       |       ||     8
         Chain mail        |    10 |    78 |   120 |       |       |       |       |       |       ||   208
         Scale mail        |       |       |    88 |   109 |       |       |       |       |       ||   197
         Crystal plate arm |       |       |       |    41 |  1070 |  1490 |   351 |   104 |       ||  3056
         Plate armour      |       |       |       |       |       |       |   434 |   416 |       ||   850
         Gold dragon scale |       |       |       |       |       |       |       |   222 |   323 ||   545
  Dodge: Dodged            |    20 |    43 |   159 |    92 |    88 |   162 |   217 |   246 |    88 ||  1115
  Block: Buckler           |       |       |       |    65 |   477 |   440 |     3 |       |       ||   985

Table legend: (Time is in decaauts)
 A = Elapsed time spent in this place.
 B = Non-inter-level travel time spent in this place.
 C = Inter-level travel time spent in this place.
 D = Time resting spent in this place.
 E = Time spent auto-exploring this place.
 F = Levels seen in this place.
 G = Mean time per level.
                   A        B        C        D        E       F      G
               +--------+--------+--------+--------+--------+-----+--------+
         Total |  57899 |  53307 |   4592 |   8687 |  31304 |  51 | 1135.3 |
       Dungeon |  16095 |  14584 |   1511 |   1906 |   9538 |  15 | 1073.0 |
        Temple |    222 |    188 |     34 |      0 |     94 |   1 |  222.0 |
          Lair |   5980 |   5529 |    451 |    682 |   3809 |   5 | 1196.0 |
         Swamp |   2533 |   2429 |    104 |    164 |   1649 |   4 |  633.2 |
     Snake Pit |   6001 |   5695 |    306 |    626 |   3526 |   4 | 1500.2 |
  Orcish Mines |   2387 |   1937 |    450 |    269 |   1139 |   2 | 1193.5 |
   Elven Halls |   4341 |   4045 |    296 |    538 |   2315 |   3 | 1447.0 |
        Vaults |   7453 |   6793 |    660 |    852 |   3912 |   5 | 1490.6 |
        Depths |   4301 |   3728 |    573 |    222 |   2646 |   4 | 1075.2 |
           Zot |   6578 |   6375 |    203 |   2705 |   2052 |   5 | 1315.6 |
         Trove |    124 |    124 |      0 |      0 |     24 |   1 |  124.0 |
         Sewer |    401 |    401 |      0 |     21 |    219 |   1 |  401.0 |
        Bailey |   1477 |   1477 |      0 |    700 |    380 |   1 | 1477.0 |
               +--------+--------+--------+--------+--------+-----+--------+

Top non-repeatable levels by time:
   Zot:5: 2302 daAuts
Vaults:5: 2066 daAuts
 Snake:4: 1738 daAuts
     D:5: 1711 daAuts
   Zot:2: 1698 daAuts
   Zot:3: 1677 daAuts
   Elf:3: 1676 daAuts
 Snake:3: 1668 daAuts
    D:11: 1667 daAuts
Vaults:3: 1628 daAuts
Depths:2: 1546 daAuts
   Orc:2: 1484 daAuts
Vaults:2: 1480 daAuts
  Bailey: 1477 daAuts
  Lair:4: 1461 daAuts
